 Dungeon Crawl Stone Soup version 0.31-a0-145-g046c7d2549 (webtiles) character file.

Game seed: 3188060717318997911

1890 qw the Skirmisher (level 8, -8/71 HPs)
             Began as a Minotaur Hunter on June 7, 2023.
             Was a Follower of Okawaru.
             Mangled by a sun demon (12 damage)
             ... summoned by a kobold demonologist
             ... on level 7 of the Dungeon.
             The game lasted 00:02:35 (5566 turns).

qw the Skirmisher (Minotaur Hunter)                 Turns: 5566, Time: 00:02:36

Health: -8/71      AC:  9    Str: 15    XL:     8   Next: 92%
Magic:  7/9        EV: 16    Int: 10    God:    Okawaru [*.....]
Gold:   111        SH:  0    Dex: 15    Spells: 7/7 levels left

rFire   . . .        Y - +0 orcbow
rCold   + . .        (shield currently unavailable)
rNeg    . . .        l - +2 leather armour {rC+}
rPois   .            (helmet restricted)
rElec   .            (no cloak)
rCorr   .            a - +0 pair of gloves
SInv    .            i - +1 pair of boots
Will    +....        (no amulet)
Stlth   +++          e - +6 ring of intelligence
HPRegen 0.31/turn    (no ring)
MPRegen 0.11/turn

%: no passive effects
@: heroic
A: horns 2, retaliatory headbutt, dopey 1, strong-willed 1, weak 1, wild magic 1
a: Renounce Religion, Heroism


You were on level 7 of the Dungeon.
You worshipped Okawaru.
Okawaru was aware of your devotion.
You visited 1 branch of the dungeon, and saw 7 of its levels.
You also visited: Sewer.

You collected 394 gold pieces.
You spent 283 gold pieces at shops.


Innate Abilities, Weirdness & Mutations

You have a pair of horns on your head.
You reflexively headbutt those who attack you in melee.
You are dopey. (Int -2)
You are strong-willed. (Will+)
You are weak. (Str -2)
Your spells are a little harder to cast, but a little more powerful.


   Skills:
 + Level 6.8(11.8) Fighting
 - Level 10.4(15.4) Ranged Weapons
 - Level 2.6(7.6) Armour
 - Level 4.1(9.1) Dodging
 - Level 0.7(5.7) Stealth
 + Level 3.5 Invocations


You had 7 spell levels left.
You didn't know any spells.
Your spell library was empty.

Inventory:

Hand Weapons
 Y - a +0 orcbow (weapon)
Armour
 a - a +0 pair of gloves (worn)
 i - a +1 pair of boots (worn)
 l - a +2 leather armour of cold resistance (worn)
Jewellery
 e - a +6 ring of intelligence (left hand)
 p - a ring of ice
Scrolls
 b - 3 scrolls of identify
 k - 3 scrolls of teleportation
Potions
 c - a potion of cancellation
 d - a potion of might
 f - a potion of brilliance {unknown}
 h - 2 potions of haste
 j - a potion of mutation
 m - 2 potions of heal wounds
 o - a potion of resistance {unknown}

Dungeon Overview and Level Annotations

Branches:
Dungeon (7/15)              Sewer (visited)
 Temple: D:4-7

Altars:
Fedhas
Okawaru
Ru
Wu Jian
Yredelemnul
Zin
The Shining One

Shops:
D:4 [   D:5 [   D:7 *

Annotations:
D:3 2 transporters, qw's ghost, weakling GrFi


Message History

The kobold demonologist casts a spell.
You hear a shout!
5560 ||| INVOKING Heroism.
You gain the combat prowess of a mighty hero.
The kobold demonologist barely misses you.
You furiously retaliate!
You headbutt the kobold demonologist! You shoot an arrow.
The arrow completely misses the kobold demonologist.
The kobold demonologist hits you with a +1 dagger of protection.
The orc wizard points at you and mumbles some strange words.
The puff of flame hits you. The sun demon barely misses you.
You furiously retaliate!
You headbutt the sun demon.
The iron imp shouts, "Admit defeat, thou hateful ill-breeding pumpion!"
You shoot an arrow.
The arrow misses the kobold demonologist.
The arrow hits the iron imp but does no damage.
The sun demon closely misses you.
The orc wizard hits you but does no damage.
The kobold demonologist misses you.
You shoot an arrow.
The arrow barely misses the kobold demonologist.
The arrow hits the iron imp but does no damage.
The sun demon hits you!!
You are engulfed in flames!
You shoot an arrow.
The arrow hits the kobold demonologist but does no damage.
The kobold demonologist is heavily wounded.
The kobold demonologist hits you with a +1 dagger of protection.
The orc wizard completely misses you. You furiously retaliate!
You headbutt the orc wizard. You shoot an arrow.
The arrow hits the kobold demonologist!
The kobold demonologist is severely wounded.
The sun demon completely misses you. You furiously retaliate!
You headbutt the sun demon.
The kobold demonologist barely misses you.
The orc wizard misses you.
You shoot an arrow. The arrow hits the kobold demonologist!
The kobold demonologist is almost dead.
You hear a shout!
The sun demon hits you!
You are engulfed in flames!
You die...

.#............#
.#######............#
#...................#
...................#
..............#####
#............# ##
#............# ..
##o3..........####.#
#5K@................
#5#########.##...ยค..
..7 #......... ~~~~
###..~.\.# ~~.~~
........... ~~~~K
#.##.....~.. ~.5~
##....... ~~~5
########


You could see a sun demon (summoned), a kobold demonologist, an iron imp
(summoned), an orc wizard and a shadow imp (summoned).

Vanquished Creatures
  Grinder (D:6)
  Eustachio (D:6)
  Duvessa (D:6)
  An ice beast (D:6)
  An orc warrior (D:7)
  A centaur (D:6)
  A phantom (D:5)
  2 bullfrogs (Sewer)
  A scorpion (D:6)
  3 wights (D:6)
  Dowan (D:6)
  A crimson imp (D:4)
  An orc priest (D:7)
  4 hounds
  A jelly (D:6)
  A sleepcap (D:5)
  An iguana (D:5)
  An orc wizard (D:7)
  3 gnolls (D:3)
  18 adders
  8 river rats
  A shadow imp (D:5)
  A white imp (D:6)
  4 worms
  3 dart slugs
  7 orcs
  23 ball pythons
  7 endoplasms
  3 giant cockroaches
  8 goblins
  8 hobgoblins
  4 jackals
  8 quokkas
  9 bats
  4 frilled lizards
  A goblin zombie (D:4)
  3 hobgoblin zombies (D:4)
  6 kobolds
  A kobold skeleton (D:4)
  2 kobold zombies (D:4)
  An orc skeleton (D:4)
  An orc zombie (D:4)
  25 rats
183 creatures vanquished.

Notes
Turn   | Place    | Note
-------+----------+-------------------------------------------
     0 | D:1      | qw the Minotaur Hunter began the quest for the Orb.
     0 | D:1      | Reached XP level 1. HP: 18/18 MP: 0/0
     0 | D:1      | 0 ||| qw: Version: 0.2-a-117-gc6b5c8b
     0 | D:1      | 0 ||| qw: Game counter: 2461
     0 | D:1      | 0 ||| qw: Always use a shield: true
     0 | D:1      | 0 ||| qw: God list: Okawaru
     0 | D:1      | 0 ||| qw: Allow faded altars: false
     0 | D:1      | 0 ||| qw: Do Orc after D:15 true
     0 | D:1      | 0 ||| qw: Do second Lair branch before Depths: true
     0 | D:1      | 0 ||| qw: Lair rune preference: random
     0 | D:1      | 0 ||| qw: Plans: Normal
     0 | D:1      | 0 ||| PLANNING D:1-11
   106 | D:1      | Reached XP level 2. HP: 25/25 MP: 1/1
   168 | D:1      | Reached skill level 5 in Ranged Weapons
   170 | D:1      | Found a faded altar of an unknown god.
   324 | D:1      | Reached skill level 3 in Fighting
   544 | D:1      | 544 ||| UPGRADING to +1 pair of boots.
   549 | D:1      | 549 ||| READING 2 scrolls labelled WEUSMALOBU.
   554 | D:1      | 554 ||| READING scroll labelled NIMOYDW VUYVAWASUE.
   555 | D:1      | 555 ||| DRINKING 2 smoky yellow potions.
   555 | D:1      | Gained mutation: You are weak. (Str -2) [potion of
                  | mutation]
   555 | D:1      | Gained mutation: You are dopey. (Int -2) [potion of
                  | mutation]
   555 | D:1      | Gained mutation: You are strong-willed. (Will+) [potion of
                  | mutation]
   555 | D:1      | Gained mutation: Your spells are a little harder to cast,
                  | but a little more powerful. [potion of mutation]
   556 | D:1      | 556 ||| DROPPING scroll of butterflies.
   603 | D:2      | Reached XP level 3. HP: 31/31 MP: 2/2
   926 | D:2      | Found an ornate altar of the Wu Jian Council.
  1024 | D:2      | Identified the +4 hand axe "Killer Bee's Doom" {holy,
                  | Str+4}
  1026 | D:2      | Reached XP level 4. HP: 38/38 MP: 3/3
  1089 | D:2      | Reached skill level 6 in Ranged Weapons
  1154 | D:2      | 1154 ||| UPGRADING to +0 ring mail.
  1164 | D:2      | 1164 ||| DROPPING +0 leather armour.
  1165 | D:2      | 1165 ||| DROPPING ring of wizardry.
  1166 | D:2      | 1166 ||| READING scroll labelled JOT RAGANEE.
  1231 | D:3      | Found a sacrificial altar of Ru.
  1231 | D:3      | Found a glowing silver altar of Zin.
  1239 | D:3      | Found a basalt altar of Yredelemnul.
  1247 | D:3      | Found a blossoming altar of Fedhas.
  1249 | D:3      | Found a faded altar of an unknown god.
  1289 | D:3      | Reached skill level 1 in Armour
  1638 | D:3      | Noticed qw's ghost (weakling GrFi)
  1656 | D:3      | Reached XP level 5. HP: 18/46 MP: 4/4
  1658 | D:3      | HP: 10/46 [gnoll/+0 spear (3)]
  1659 | D:3      | 1659 ||| READING scroll of teleportation.
  1808 | D:3      | Found a transporter.
  1811 | D:3      | Found a transporter.
  1862 | D:3      | 1862 ||| DRINKING 2 viscous yellow potions.
  1871 | D:3      | 1871 ||| DRINKING 2 sedimented cyan potions.
  1917 | D:3      | 1917 ||| DROPPING potion of ambrosia.
  1918 | D:3      | 1918 ||| DROPPING potion of lignification.
  2208 | D:4      | Found Larotisch's Armour Shoppe.
  2220 | D:4      | 2220 ||| BUYING +0 ring mail of cold resistance (143 gold).
  2220 | D:4      | Bought a +0 ring mail of cold resistance for 143 gold
                  | pieces
  2220 | D:4      | 2220 ||| SHOPLISTING +3 leather armour of cold resistance
                  | (312 gold, have 99).
  2322 | D:4      | Found a glowing golden altar of the Shining One.
  2368 | D:4      | Reached skill level 7 in Ranged Weapons
  2750 | D:4      | 2750 ||| UPGRADING to +0 pair of gloves.
  2755 | D:4      | 2755 ||| UPGRADING to +0 ring mail of cold resistance.
  2765 | D:4      | 2765 ||| DROPPING +0 ring mail.
  2766 | D:4      | 2766 ||| UPGRADING to +2 leather armour of cold resistance.
  2776 | D:4      | 2776 ||| DROPPING +0 ring mail of cold resistance.
  2777 | D:4      | 2777 ||| UPGRADING to +6 ring of intelligence.
  2778 | D:4      | 2778 ||| DRINKING 2 clear potions.
  2807 | D:5      | Entered Level 5 of the Dungeon
  2808 | D:5      | 2808 ||| PLANNING SEWER
  2999 | D:5      | Found Amarravo's Antique Armour Boutique.
  3005 | D:5      | 3005 ||| BUYING dyed leather armour (140 gold).
  3005 | D:5      | Bought a dyed leather armour for 140 gold pieces
  3005 | D:5      | 3005 ||| SHOPLISTING glowing ring mail (196 gold, have 38).
  3005 | D:5      | 3005 ||| SHOPLISTING glowing robe (103 gold, have 38).
  3005 | D:5      | 3005 ||| SHOPLISTING runed ring mail (196 gold, have 38).
  3015 | D:5      | Reached XP level 6. HP: 49/52 MP: 5/5
  3202 | D:5      | Found a glowing drain.
  3228 | D:5      | 3228 ||| DROPPING +1 leather armour of cold resistance.
  3229 | D:5      | 3229 ||| READING scroll labelled LAJOQI CAUSIQA.
  3230 | D:5      | 3230 ||| READING scroll labelled LUNE QEDOANN.
  3331 | D:5      | 3331 ||| READING 2 scrolls labelled APLUUROGAU.
  3332 | D:5      | 3332 ||| DROPPING scroll of summoning.
  3338 | Sewer    | Entered a sewer
  3367 | Sewer    | Reached skill level 8 in Ranged Weapons
  3534 | Sewer    | 3534 ||| Stepping ~*~*~tactically~*~*~ (water).
  3664 | Sewer    | 3664 ||| Stepping ~*~*~tactically~*~*~ (water).
  3673 | Sewer    | Reached skill level 3 in Dodging
  3673 | Sewer    | Reached XP level 7. HP: 48/61 MP: 6/6
  3823 | Sewer    | 3823 ||| READING 2 scrolls labelled DUETRE UNEBU.
  3824 | Sewer    | 3824 ||| READING scroll labelled KOPHUU IRAOBI.
  3825 | Sewer    | 3825 ||| READING 3 scrolls of identify.
  3825 | Sewer    | 3825 ||| IDENTIFYING sedimented golden potion
  3826 | Sewer    | 3826 ||| READING 2 scrolls of identify.
  3826 | Sewer    | 3826 ||| IDENTIFYING green potion
  3827 | Sewer    | 3827 ||| DROPPING scroll of fog.
  3831 | D:5      | 3831 ||| PLANNING D:1-11
  4150 | D:5      | Reached skill level 9 in Ranged Weapons
  4326 | D:6      | Found an iron altar of Okawaru.
  4327 | D:6      | 4327 ||| PLANNING OKAWARU WORSHIP
  4334 | D:6      | Became a worshipper of Warmaster Okawaru
  4334 | D:6      | 4334 ||| PLANNING D:1-11
  4525 | D:6      | Noticed Duvessa
  4530 | D:6      | Noticed Dowan
  4541 | D:6      | Reached skill level 6 in Fighting
  4547 | D:6      | Killed Duvessa
  4548 | D:6      | Reached XP level 8. HP: 53/70 MP: 7/7
  4560 | D:6      | Killed Dowan
  4677 | D:6      | 4677 ||| SWAPPING to +0 orcbow.
  4678 | D:6      | 4678 ||| DROPPING +0 shortbow.
  4788 | D:6      | Noticed Eustachio
  4808 | D:6      | Killed Eustachio
  4808 | D:6      | Reached * piety under Okawaru
  4809 | D:6      | Reached skill level 10 in Ranged Weapons
  4895 | D:6      | Noticed Grinder
  4896 | D:6      | 4896 ||| INVOKING Heroism.
  4906 | D:6      | Killed Grinder
  4907 | D:6      | Reached skill level 1 in Invocations
  5012 | D:6      | 5012 ||| INVOKING Heroism.
  5155 | D:6      | 5155 ||| INVOKING Heroism.
  5209 | D:6      | Reached skill level 3 in Invocations
  5380 | D:6      | 5380 ||| READING scroll labelled KYURAE JUTU.
  5381 | D:6      | 5381 ||| DRINKING 2 emerald potions.
  5382 | D:6      | 5382 ||| DROPPING potion of enlightenment.
  5419 | D:7      | 5419 ||| INVOKING Heroism.
  5422 | D:7      | 5422 ||| Stepping ~*~*~tactically~*~*~ (outnumbered).
  5440 | D:7      | 5440 ||| Stepping ~*~*~tactically~*~*~ (outnumbered).
  5442 | D:7      | 5442 ||| FLEEEEING.
  5448 | D:7      | 5448 ||| FLEEEEING.
  5449 | D:7      | 5449 ||| FLEEEEING.
  5450 | D:7      | 5450 ||| FLEEEEING.
  5451 | D:7      | 5451 ||| FLEEEEING.
  5452 | D:7      | 5452 ||| FLEEEEING.
  5453 | D:7      | 5453 ||| FLEEEEING.
  5454 | D:7      | 5454 ||| FLEEEEING.
  5456 | D:7      | 5456 ||| STAIRDANCE
  5489 | D:7      | 5489 ||| INVOKING Heroism.
  5521 | D:7      | Found Esmatas's Elemental Accessories.
  5546 | D:7      | Noticed a kobold demonologist
  5549 | D:7      | 5549 ||| Stepping ~*~*~tactically~*~*~ (outnumbered).
  5551 | D:7      | 5551 ||| Stepping ~*~*~tactically~*~*~ (outnumbered).
  5560 | D:7      | Noticed a sun demon
  5560 | D:7      | 5560 ||| INVOKING Heroism.
  5566 | D:7      | HP: 4/71 [sun demon[a kobold demonologist] (15)]
  5566 | D:7      | Mangled by a sun demon

Levels and vault maps discovered:
D:1:      dpeg_arrival_arbitrary_a, layout_basic,
          hellmonk_ecumenical_altar_arch_garden
D:2:      layout_loops_ring, basic_altar
D:3:      layout_rooms, chequers_temple_overflow_minitemple,
          gammafunk_ghost_arena
D:4:      layout_loops_ring, nicolae_tso_besieged_by_evil, serial_shops,
          nicolae_shop_crystal, serial_aquarium, aquarium_bridge_square
          [aquarium_subvault_bridge, aquarium_subvault_bridge,
          aquarium_subvault_window, aquarium_subvault_wall],
          aquarium_bridge_square [aquarium_subvault_wall,
          aquarium_subvault_bridge, aquarium_subvault_wall,
          aquarium_subvault_window], aquarium_window_corner,
          aquarium_window_corridor_1, aquarium_window_1, aquarium_window_fake,
          aquarium_view_2c
D:5:      layout_basic, gup_sewer_entry_bubbles, serial_shops,
          nicolae_diamond_shop, hex_tiny
D:6:      layout_loops_ring, mainiacjoe_overflow_small_starburst,
          uniq_eustachio, uniq_duvessa, uniq_grinder
D:7:      nzn_winding_woodlands_three_and_one
          [nzn_winding_woodlands_5x15_zeroes, nzn_winding_woodlands_5x15_cabin,
          nzn_winding_woodlands_5x15_sidewinder,
          nzn_winding_woodlands_center_lodge], layout_basic,
          regret_index_temple_of_mockery, minmay_temple_entry_from_below_b,
          serial_shops, nicolae_shop_crystal, nicolae_square_shop, shop, shop,
          nicolae_take_the_stairs, nrook_uturn, serial_bayou_pond_b,
          st_stairs_6, nicolae_elemental_shop, kennysheep_generic_room_14

Skill      XL: |  1  2  3  4  5  6  7  8 |
---------------+-------------------------+-----
Ranged Weapons | 5 6 7 8 9 10 | 10.4
Fighting       | 3 4 5 6 |  6.8
Armour         | 1 2 |  2.6
Dodging        | 3 4 |  4.1
Invocations    | 3 |  3.5
Stealth        | |  0.7

Action                     |  1- 3 |  4- 6 |  7- 9 || total
---------------------------+-------+-------+-------++-------
   Fire: Shortbow          |   106 |   329 |    96 ||   531
         Orcbow            |       |       |   101 ||   101
 Invoke: Heroism           |       |       |     6 ||     6
    Use: Scroll            |     2 |     5 |     5 ||    12
         Potion            |     1 |     3 |     1 ||     5
 Armour: Leather armour    |     5 |    31 |    38 ||    74
         Ring mail         |       |    25 |       ||    25
         Skin              |       |       |    13 ||    13
  Dodge: Dodged            |    16 |   115 |    78 ||   209

Table legend:
 A = Non-vault XP
 B = Vault XP
 C = Vault XP percentage of total XP
 D = Non-vault monster count
 E = Vault monster count
 F = Vault count percentage of total count
                 A         B        C        D         E       F
            +---------+---------+-------+---------+---------+-------
      Total |    1542 |    1159 |  42.9 |     116 |      67 |  36.6
            +---------+---------+-------+---------+---------+-------
        D:1 |      36 |       0 |   0.0 |      20 |       0 |   0.0
        D:2 |      72 |       0 |   0.0 |      26 |       0 |   0.0
        D:3 |     110 |       0 |   0.0 |      24 |       0 |   0.0
        D:4 |      73 |      61 |  45.5 |      20 |      10 |  33.3
        D:5 |     339 |      40 |  10.6 |      10 |       8 |  44.4
        D:6 |     706 |     674 |  48.8 |      13 |       4 |  23.5
        D:7 |     206 |       0 |   0.0 |       3 |       0 |   0.0
      Sewer |       0 |     384 | 100.0 |       0 |      45 | 100.0
            +---------+---------+-------+---------+---------+-------
